 Dungeon Crawl Stone Soup version 0.29.0-4-gdea44cf6ec (webtiles) character file.

Game seed: 10170197908150760727

10420 greasedhog the Cruncher (level 11, -1/66 HPs)
             Began as a Tengu Wanderer on Aug 27, 2022.
             Was a High Priest of Okawaru.
             Slain by an eight-headed hydra (6 damage)
             ... on level 1 of the Lair of Beasts.
             The game lasted 00:15:07 (9093 turns).

greasedhog the Cruncher (Tengu Wanderer)            Turns: 9093, Time: 00:15:08

Health: -1/66      AC: 11    Str: 20    XL:     11   Next: 61%
Magic:  11/13      EV: 21    Int: 12    God:    Okawaru [*****.]
Gold:   78         SH:  0    Dex: 11    Spells: 11/12 levels left

rFire   + . .      SeeInvis .   o - +3 quarterstaff (flame)
rCold   + . .      Faith    .   (shield currently unavailable)
rNeg    . . .      Spirit   .   i - +2 ring mail {rC+}
rPois   .          Reflect  .   (helmet restricted)
rElec   .          Harm     .   n - +0 cloak
rCorr   .          Rampage  .   (no gloves)
Will    .....                   (boots unavailable)
Stlth   ++........              r - amulet of regeneration
HPRegen 1.01/turn               d - +4 ring of evasion
MPRegen 0.13/turn               B - ring of protection from fire

@: heroic, flying quickly and evasively, quick
A: beak, talons 3, nimble flight
a: Renounce Religion, Heroism, Finesse, Duel


You were on level 1 of the Lair of Beasts.
You worshipped Okawaru.
Okawaru was extremely pleased with you.
You visited 3 branches of the dungeon, and saw 12 of its levels.
You also visited: Ossuary.

You collected 527 gold pieces.
You spent 449 gold pieces at shops.

Inventory:

Hand Weapons
 a - a +1 vorpal quarterstaff
 o - a +3 quarterstaff of flaming (weapon)
Missiles
 x - 2 throwing nets
Armour
 i - a +2 ring mail of cold resistance (worn)
 n - a +0 cloak (worn)
Jewellery
 d - a +4 ring of evasion (left hand)
 r - an amulet of regeneration (around neck)
 B - a ring of protection from fire (right hand)
 J - a +6 ring of dexterity
 L - a ring of ice
Wands
 m - a wand of light (13)
 y - a wand of flame (29)
 A - a wand of polymorph (13)
 G - a wand of roots (15)
 N - a wand of digging (5)
Scrolls
 b - 2 scrolls of fog
 f - 2 scrolls of enchant weapon
 g - 2 scrolls of silence
 j - a scroll of poison
 k - 4 scrolls of immolation
 q - 8 scrolls of teleportation
 t - 2 scrolls of magic mapping
 v - 3 scrolls of fear
 w - 3 scrolls of enchant armour
 C - 6 scrolls of amnesia
 D - 5 scrolls of blinking
 K - a scroll of identify
 M - a scroll of brand weapon
Potions
 c - 5 potions of heal wounds
 e - 3 potions of curing {unknown}
 h - a potion of might
 l - a potion of cancellation {unknown}
 p - 2 potions of ambrosia {unknown}
 s - a potion of magic {unknown}
 u - 2 potions of lignification {unknown}
 z - 2 potions of mutation {unknown}
 E - 2 potions of attraction {unknown}
 F - 2 potions of invisibility {unknown}
 H - a potion of haste
 I - a potion of resistance {unknown}


   Skills:
 * Level 6.4(11.4) Fighting
 - Level 14.0(19.0) Staves
 - Level 6.0(11.0) Armour
 - Level 6.0(11.0) Dodging
 - Level 1.0 Spellcasting
 - Level 2.4 Summonings
 - Level 2.2 Invocations
 * Level 8.1 Evocations


You had 11 spell levels left.
You knew the following spells:

 Your Spells              Type           Power      Damage    Failure   Level
a - Summon Small Mammal   Summ           24%        N/A       17%         1

Your spell library contained the following spells:

 Spells                   Type           Power      Damage    Failure   Level
 Beastly Appendage        Tmut           0%         N/A       41%         1
 Magic Dart               Conj           0%         1d3       41%         1
 Ensorcelled Hibernation  Hex/Ice        0%         N/A       56%         2
 Passwall                 Tmut/Erth      0%         N/A       56%         2
 Wereblood                Tmut           0%         N/A       56%         2
 Dazzling Flash           Conj/Hex       0%         N/A       80%         3
 Mephitic Cloud           Conj/Pois/Air  0%         N/A       80%         3
 Spider Form              Tmut/Pois      0%         N/A       80%         3
 Swiftness                Air            0%         N/A       80%         3
 Iskenderun's Mystic Bla  Conj/Tloc      0%         2d3       99%         4
 Borgnjor's Vile Clutch   Necr/Erth      0%         N/A       100%        5
 Starburst                Conj/Fire      0%         6d3       100%        6
 Call Imp                 Summ           Unusable   N/A       N/A         2
 Summon Guardian Golem    Hex/Summ       Unusable   N/A       N/A         3
 Animate Dead             Necr           Unusable   N/A       N/A         4
 Death Channel            Necr           Unusable   N/A       N/A         6

Dungeon Overview and Level Annotations

Branches:
Dungeon (10/15)            Temple (1/1) D:5            Lair (1/5) D:10
    Orc (0/2) D:10        Ossuary (visited)

Altars:
Ashenzari
Cheibriados
Dithmenos
Elyvilon
Fedhas
Gozag
Hepliaklqana
Kikubaaqudgha
Makhleb
Nemelex Xobeh
Okawaru
Qazlal
Ru
Sif Muna
Trog
Uskayaw
Vehumet
Wu Jian
Xom
Yredelemnul
Zin
The Shining One

Shops:
D:9 **?*

Portals:
Bailey: D:9


Innate Abilities, Weirdness & Mutations

You have a beak for a mouth.
You have claws for feet.
Your magical nature lets you fly swiftly and evasively.


Message History

The eight-headed hydra barely misses you.
The eight-headed hydra bites you. x2; The eight-headed hydra misses you.
The eight-headed hydra bites you!
You hear a bellow! x3
You thump the eight-headed hydra! You burn the eight-headed hydra.
You claw the eight-headed hydra.
The eight-headed hydra is heavily wounded.
Unknown command.
You hit the eight-headed hydra. You burn the eight-headed hydra.
You peck the eight-headed hydra.
The eight-headed hydra is severely wounded.
A cane toad comes into view.
The eight-headed hydra bites you. The eight-headed hydra bites you!
The eight-headed hydra misses you. The eight-headed hydra bites you!
The eight-headed hydra bites you. The eight-headed hydra bites you!
* * * LOW HITPOINT WARNING * * *
The eight-headed hydra misses you.
The eight-headed hydra barely misses you.
You gain the combat prowess of a mighty hero.
A yak comes into view.
The eight-headed hydra bites you but does no damage. x2
The eight-headed hydra bites you.
* * * LOW HITPOINT WARNING * * *
The eight-headed hydra misses you.
The eight-headed hydra bites you but does no damage.
The eight-headed hydra misses you. x2; The eight-headed hydra bites you.
* * * LOW HITPOINT WARNING * * *
The yak bellows!
You sock the eight-headed hydra! You burn the eight-headed hydra.
You claw the eight-headed hydra, but do no damage.
The eight-headed hydra is almost dead.
A yak comes into view.
The eight-headed hydra bites you.
* * * LOW HITPOINT WARNING * * *
The eight-headed hydra misses you.
The eight-headed hydra closely misses you.
The eight-headed hydra bites you.
* * * LOW HITPOINT WARNING * * *
The eight-headed hydra bites you.
You die...

##.....##.## ##....
##.....#.#..## ##....
#..#...#.#P..####.....
#..#.8.#.##.......#.#.
#.
#......#.###†.#######.
#P..#.....#..#..### ##
#.......#.##.....#
##.!.#.+#####...##
#### ####..@..# #####
#... #.#.D##.# #####..
....kF. #......
......8.. ###.##.
............ ###....
.8..#.!..##.. #......
#.####.?Y. ### ####..#
#...Y #..# ##.#


You could see an eight-headed hydra, 2 yaks, a cane toad and a rime drake.

Vanquished Creatures
  Fannar (D:10)
  Joseph (D:7)
  A cane toad (Lair:1)
  2 trolls
  A hornet (D:9)
  10 yaks
  3 wraiths
  Eustachio (D:4)
  4 steam dragons
  2 basilisks (Lair:1)
  5 water moccasins
  Duvessa (D:4)
  5 orc warriors
  An ice beast (D:7)
  5 black bears
  3 ogres (D:6)
  4 wolves (Lair:1)
  5 centaurs
  A phantom (D:5)
  2 kobold brigands
  Blork the orc (D:4)
  4 bullfrogs
  4 gnoll sergeants
  2 necrophages
  4 scorpions
  7 wights
  Dowan (D:4)
  7 killer bees
  4 howler monkeys
  5 hounds
  4 jellies
  Crazy Yiuf (D:2)
  3 orc priests
  A gnoll bouda (D:9)
  5 iguanas
  9 orc wizards
  A mummy (D:8)
  5 adders
  17 gnolls
  A shadow imp (D:6)
  2 white imps
  3 ufetubi
  2 adder zombies (Ossuary)
  3 worms
  A dart slug (D:1)
  38 orcs
  13 ball pythons
  A bat (D:2)
  3 endoplasms
  A giant cockroach (D:2)
  8 goblins
  7 hobgoblins
  4 jackals
  6 quokkas
  4 frilled lizards
  2 hobgoblin zombies
  19 kobolds
  3 kobold zombies
  An orc skeleton (Ossuary)
  A rat (D:2)
266 creatures vanquished.

Vanquished Creatures (others)
  A ball python (D:4)
  3 plants
4 creatures vanquished.

Grand Total: 270 creatures vanquished

Notes
Turn   | Place    | Note
-------+----------+-------------------------------------------
     0 | D:1      | greasedhog the Tengu Wanderer began the quest for the Orb.
     0 | D:1      | greasedhog set off with the following items: a +0 vorpal
                  | quarterstaff, a +0 ring mail, a potion of heal wounds; and
                  | the following spell memorised: Summon Small Mammal; and the
                  | following spells available to memorise: Summon Guardian
                  | Golem.
     0 | D:1      | Reached XP level 1. HP: 10/10 MP: 3/3
   180 | D:1      | Reached skill level 1 in Fighting
   180 | D:1      | Reached XP level 2. HP: 13/16 MP: 4/4
  1392 | D:2      | Reached XP level 3. HP: 19/20 MP: 5/5
  1394 | D:2      | Reached skill level 4 in Staves
  1435 | D:2      | Reached XP level 4. HP: 20/27 MP: 6/6
  1841 | D:2      | Found a runed translucent door.
  1842 | D:2      | Noticed Crazy Yiuf
  1938 | D:2      | Killed Crazy Yiuf
  1939 | D:2      | Gained mutation: Your magical nature lets you fly swiftly
                  | and evasively. [Tengu growth]
  1939 | D:2      | Reached XP level 5. HP: 4/32 MP: 7/7
  2271 | D:3      | Found a broken altar of Ashenzari.
  2513 | D:3      | Reached skill level 5 in Staves
  2803 | D:4      | Noticed Blork the orc
  2810 | D:4      | Killed Blork the orc
  2848 | D:4      | Reached XP level 6. HP: 21/38 MP: 8/8
  2910 | D:4      | Noticed Eustachio
  2929 | D:4      | Reached skill level 6 in Staves
  2945 | D:4      | Killed Eustachio
  2946 | D:4      | Reached skill level 5 in Fighting
  2946 | D:4      | Reached XP level 7. HP: 41/44 MP: 9/9
  3122 | D:4      | Noticed a steam dragon
  3126 | D:4      | Noticed Duvessa
  3128 | D:4      | Noticed Dowan
  3132 | D:4      | Killed a steam dragon
  3133 | D:4      | Reached skill level 7 in Staves
  3147 | D:4      | Killed Duvessa
  3162 | D:4      | Killed Dowan
  3163 | D:4      | Reached XP level 8. HP: 49/51 MP: 10/10
  3474 | D:4      | Found an opulent altar of Gozag.
  3527 | D:4      | Reached skill level 8 in Staves
  3633 | D:5      | Entered Level 5 of the Dungeon
  3874 | D:5      | Found a sacrificial altar of Ru.
  3897 | D:5      | Reached skill level 5 in Armour
  4009 | D:5      | Found a staircase to the Ecumenical Temple.
  4076 | Temple   | Entered the Ecumenical Temple
  4187 | Temple   | Became a worshipper of Warmaster Okawaru
  4686 | D:6      | Reached skill level 9 in Staves
  4707 | D:6      | Reached skill level 1 in Dodging
  4707 | D:6      | Reached XP level 9. HP: 55/55 MP: 11/11
  4742 | D:6      | Reached * piety under Okawaru
  4761 | D:6      | Reached skill level 10 in Staves
  4807 | D:6      | Found a white marble altar of Elyvilon.
  4996 | D:6      | Reached ** piety under Okawaru
  5185 | D:6      | Reached skill level 5 in Dodging
  5672 | D:7      | Reached skill level 11 in Staves
  5827 | D:6      | Reached skill level 1 in Invocations
  5852 | D:7      | Reached XP level 10. HP: 60/60 MP: 12/12
  5964 | D:7      | Noticed Joseph
  6127 | D:7      | Reached *** piety under Okawaru
  6323 | D:7      | Killed Joseph
  6632 | D:7      | Reached skill level 12 in Staves
  6678 | D:8      | Reached **** piety under Okawaru
  6739 | D:8      | Found a hazy altar of Hepliaklqana.
  6753 | D:8      | Found a sand-covered staircase.
  6759 | Ossuary  | Entered an ossuary
  6971 | Ossuary  | Reached skill level 5 in Evocations
  7432 | D:8      | Found a glowing silver altar of Zin.
  7472 | D:9      | Found Agugil's Magic Scroll Boutique.
  7500 | D:9      | Bought a scroll of identify for 24 gold pieces
  7500 | D:9      | Bought a scroll of fear for 48 gold pieces
  7500 | D:9      | Bought a scroll of fear for 48 gold pieces
  7500 | D:9      | Bought a scroll of blinking for 90 gold pieces
  7533 | D:9      | Reached skill level 13 in Staves
  7533 | D:9      | Reached XP level 11. HP: 56/64 MP: 13/13
  7713 | D:9      | Found Atiumnuw's Assorted Antiques.
  7723 | D:9      | Bought a pink potion for 25 gold pieces
  7723 | D:9      | Bought an inky potion for 25 gold pieces
  7804 | D:9      | Found Weguggao's General Store.
  7812 | D:9      | Bought a scroll of teleportation for 39 gold pieces
  7905 | D:9      | Found a flagged portal.
  7998 | D:9      | Found Ocitysya's General Store.
  8006 | D:9      | Bought a scroll of blinking for 90 gold pieces
  8006 | D:9      | Bought a potion of heal wounds for 60 gold pieces
  8108 | D:10     | Entered Level 10 of the Dungeon
  8222 | D:10     | Reached ***** piety under Okawaru
  8250 | D:10     | Found a staircase to the Lair.
  8265 | D:10     | Identified the +4 war axe of the Foot {drain, +Blink rN+
                  | Str-3 Int+2}
  8265 | D:10     | Noticed Fannar
  8284 | D:10     | Killed Fannar
  8310 | D:10     | Received a gift from Okawaru
  8638 | D:10     | Found a staircase to the Orcish Mines.
  8685 | Lair:1   | Entered Level 1 of the Lair of Beasts
  8828 | Lair:1   | Reached skill level 14 in Staves
  9084 | Lair:1   | Noticed an eight-headed hydra
  9093 | Lair:1   | Slain by an eight-headed hydra

Illustrated notes

Levels and vault maps discovered:
D:1:      dpeg_arrival_signposts, layout_loops_ring, minmay_statues_item,
          minmay_shallow_snake_nest
D:2:      layout_rooms, uniq_crazy_yiuf_cottage
D:3:      layout_loops_cross, cheibrodos_ashenzari_chains
D:4:      layout_loops_ring, kennysheep_mini_moat, nrook_mini_backslash,
          uniq_eustachio, uniq_duvessa, uniq_blork_the_orc
D:5:      layout_loops_corners, mainiacjoe_overflow_cross_hatched,
          minmay_temple_entry_enclosed_plants, minmay_misc_feat_enclosed
D:6:      layout_layer_cave, mainiacjoe_overflow_paths
D:7:      layout_rooms, uniq_joseph
D:8:      layout_rooms, zin_scriptorium, overflow_temple_1_default,
          nicolae_ossuary_entry_giza
D:9:      layout_small_grid, serial_shops, nicolae_shop_waterfront, shop, shop,
          nicolae_shop_competitors_out_of_business, enter_bailey_1
D:10:     layout_rooms, lair_entry_dummy, skrybe_limestone_x, uniq_fannar
Temple:   nicolae_temple_superstar
Lair:1:   beast_lair_carwin_large_2, layout_layer_cave, grunt_megastairs_1

Skill      XL: |  1  2  3  4  5  6  7  8  9 10 11 |
---------------+----------------------------------+-----
Fighting       | 1 2 3 4 5 6 |  6.4
Staves         | 4 5 6 7 9 11 13 14 | 14.0
Armour         | 6 |  6.0
Dodging        | 1 6 |  6.0
Invocations    | 1 2 |  2.2
Evocations     | 5 8 |  8.1
Spellcasting   | |  1.0
Summonings     | |  2.4

Action                   |  1- 3 |  4- 6 |  7- 9 | 10-12 || total
-------------------------+-------+-------+-------+-------++-------
Melee: Quarterstaff      |    53 |   128 |   206 |   394 ||   781
       Kick              |    11 |    29 |    54 |   102 ||   196
       Peck              |     9 |    16 |    43 |    76 ||   144
Invok: Heroism           |       |       |       |     1 ||     1
Evoke: Wand              |       |       |     2 |       ||     2
  Use: Scroll            |     3 |     2 |     6 |     5 ||    16
       Potion            |       |     1 |       |     2 ||     3
Armor: Ring mail         |    14 |    27 |    40 |    72 ||   153
Dodge: Dodged            |    33 |    96 |   168 |   326 ||   623
